 Dungeon Crawl Stone Soup version 0.31-a0-986-g5e6e4ef867 (webtiles) character file.

Game seed: 14369313281021738221

3383 Persephone the Carver (level 10, -12/69 (71) HPs)
             Began as an Octopode Fighter on Nov 7, 2023.
             Was an Initiate of Gozag.
             Mangled by a wight
             ... wielding a +3 great sword
              (20 damage)
             ... on level 8 of the Dungeon.
             The game lasted 00:11:08 (5931 turns).

Persephone the Carver (Octopode Fighter)            Turns: 5931, Time: 00:11:08

HP:   -12/69 (71)   AC:  1    Str: 23    XL:     10   Next: 4%
MP:   10/10         EV: 18    Int: 17    God:    Gozag
Gold: 217           SH:  7    Dex: 14    Spells: 9/9 levels left

rFire   + + .        a - +1 long sword (freeze)
rCold   x . .        b - +1 buckler
rNeg    . . .        (helmet restricted)
rPois   .            (no amulet)
rElec   .            d - +6 ring of strength
rCorr   .            f - ring of protection from fire
SInv    .            c - +5 ring of evasion
Will    .....        k - ring of wizardry
Stlth   ++           m - ring of fire
HPRegen 0.31/turn    r - +6 ring of intelligence
MPRegen 0.12/turn    (no ring)
                     (no ring)

%: wizardry (x1)
@: lightly drained
A: almost no armour, amphibious, 8 rings, camouflage 1, gelatinous body 1,
(nimble swimmer 1), tentacles
a: Renounce Religion, Potion Petition, Call Merchant, Bribe Branch


You were on level 8 of the Dungeon.
You worshipped Gozag.
Gozag was aware of your devotion.
You visited 2 branches of the dungeon, and saw 9 of its levels.

You collected 470 gold pieces.
You spent 150 gold pieces at shops.
You paid 103 gold pieces to Gozag.

Inventory:

Hand Weapons
 a - a +1 long sword of freezing (weapon)
Missiles
 o - 5 javelins
Armour
 b - a +1 buckler (worn)
Jewellery
 c - a +5 ring of evasion (on tentacle)
 d - a +6 ring of strength (left tentacle)
 f - a ring of protection from fire (right tentacle)
 k - a ring of wizardry (on tentacle)
 m - a ring of fire (on tentacle)
 r - a +6 ring of intelligence (on tentacle)
Wands
 h - a wand of paralysis (13)
 i - a wand of quicksilver (8)
 l - a wand of flame (35)
 t - a wand of polymorph (4)
 y - a wand of iceblast (6)
Scrolls
 e - 3 scrolls of identify
 n - a scroll of amnesia
 p - a scroll of brand weapon
 q - a scroll of immolation
Potions
 g - a potion of enlightenment
 s - a potion of heal wounds {unknown}
 x - a potion of mutation


   Skills:
 + Level 7.5 Fighting
 * Level 10.1 Long Blades
 - Level 3.0 Dodging
 + Level 7.6 Shields


You had 9 spell levels left.
You didn't know any spells.
Your spell library contained the following spells:

 Spells                   Type           Power      Damage    Failure   Level
 Freeze                   Ice            0%         1d3       11%         1
 Lesser Beckoning         Tloc           0%         N/A       16%         2
 Sublimation of Blood     Necr           0%         N/A       16%         2
 Wereblood                Tmut           0%         N/A       16%         2
 Dazzling Flash           Conj/Hex       0%         N/A       32%         3
 Frozen Ramparts          Ice            0%         1d1       32%         3
 Gell's Gravitas          Tloc           0%         N/A       32%         3
 Hailstorm                Conj/Ice       0%         3d3       32%         3
 Teleport Other           Tloc           0%         N/A       32%         3
 Agony                    Necr           0%         N/A       95%         5
 Silence                  Hex/Air        0%         N/A       95%         5
 Summon Hydra             Summ           0%         N/A       100%        7


Dungeon Overview and Level Annotations

Branches:
Dungeon (8/15)             Temple (1/1) D:6
   Lair: D:8-11

Altars:
Ashenzari
Cheibriados
Dithmenos
Elyvilon
Fedhas
Gozag
Hepliaklqana
Kikubaaqudgha
Makhleb
Nemelex Xobeh
Okawaru
Qazlal
Ru
Sif Muna
Trog
Uskayaw
Wu Jian
Xom
Yredelemnul
The Shining One

Shops:
D:3 !*


Innate Abilities, Weirdness & Mutations

You cannot wear most types of armour.
You are amphibious.
You can wear up to eight rings at the same time.
Your skin changes colour to match your surroundings (Stealth+).
Your rubbery body absorbs attacks. (AC +1, EV +1)
((You are camouflaged when in or above water. (Stealth+)))
You have tentacles for arms and can constrict up to eight enemies at once.


Message History

The two-headed ogre closely misses your wight.
Your orc hits the two-headed ogre but does no damage.
Your wight hits the two-headed ogre with a +0 short sword!
The white imp hits your wight but does no damage.
The wight hits you with a +3 battleaxe of freezing!
* * * LOW HITPOINT WARNING * * *
You feel drained.
* * * LOW HITPOINT WARNING * * *
The wight freezes you!
* * * LOW HITPOINT WARNING * * *
You block the orc's attack.
Unknown command.
Unknown command.
Okay, then.
As you read the scroll of fear, it crumbles to dust.
You assume a fearsome visage.
The white imp looks frightened!
The two-headed ogre looks frightened!
The orc looks frightened!
The wight is unaffected. x2; You constrict the wight.
Your orc barely misses the two-headed ogre.
You block the wight's attack. The wight closely misses you.
You release your grip on the wight.
The wight attacks as it pursues you! You block the wight's attack.
The wight attacks as it pursues you! You block the wight's attack.
Your orc hits the orc but does no damage.
The wight is distracted by your dazzling golden aura.
The wight attacks as it pursues you! The wight completely misses you.
The orc hits your wight with a +0 dagger.
Your orc barely misses the orc.
Your wight hits the orc with a +0 short sword.
The wight attacks as it pursues you! The wight completely misses you.
The orc closely misses your wight. You block the wight's attack.
The wight attacks as it pursues you! The wight completely misses you.
The wight attacks as it pursues you! The wight misses you.
The wight attacks as it pursues you! You block the wight's attack.
The two-headed ogre shouts in stereo!
The wight attacks as it pursues you!
The wight hits you with a +3 great sword!!
You die...
Your body crumbles into a pile of gold.

#.## .# ..###.# #.##..
##########.##.###.......#
#.......z@......#.z......
##..###.........#.......#
##.# #.z.......#..z....#
#.# #.O..$....#z.......
#.# #....o....#.z......
#.###......$..#...?....
#.##.......>..$5z......
##....$........#oo......
#.......$zo....###o.....


You could see a two-headed ogre (drained), 2 wights and an orc.

Vanquished Creatures
  Jeremiah (D:6)
  Sigmund (D:5)
  A steam dragon (D:6)
  Menkaure (D:5)
  Edmund (D:5)
  2 water moccasins
  An ice beast (D:3)
  2 sky beasts (D:6)
  3 ogres
  2 phantoms (D:5)
  A kobold brigand (D:7)
  A bullfrog (D:7)
  3 scorpions
  2 jellies
  7 orc priests
  6 hounds
  Ijyb (D:4)
  Jessica (D:2)
  4 iguanas
  A sleepcap (D:4)
  Natasha (thrice) (D:2)
  4 orc wizards
  4 gnolls (D:3)
  8 adders
  A white imp (D:7)
  4 ufetubi
  4 worms
  7 dart slugs
  21 orcs
  7 ball pythons
  8 endoplasms
  3 giant cockroaches
  6 goblins
  12 hobgoblins
  3 jackals (D:4)
  10 kobolds
  4 quokkas
  6 bats
  2 frilled lizards (D:3)
  10 rats
169 creatures vanquished.

Vanquished Creatures (collateral kills)
  A centaur (D:8)
  A bullfrog (D:8)
  2 wights (D:8)
  An orc priest (D:8)
  An adder (D:6)
6 creatures vanquished.

Vanquished Creatures (others)
  A ball python (D:3)
  A kobold (D:3)
2 creatures vanquished.

Grand Total: 177 creatures vanquished

Notes
Turn   | Place    | Note
-------+----------+-------------------------------------------
     0 | D:1      | Persephone the Octopode Fighter began the quest for the
                  | Orb.
     0 | D:1      | Reached XP level 1. HP: 16/16 MP: 1/1
    64 | D:1      | Reached XP level 2. HP: 21/21 MP: 2/2
   339 | D:1      | Found a faded altar of an unknown god.
   342 | D:1      | Reached XP level 3. HP: 26/26 MP: 3/3
   775 | D:2      | Noticed Jessica
   780 | D:2      | Killed Jessica
   781 | D:2      | Reached skill level 3 in Long Blades
   781 | D:2      | Reached XP level 4. HP: 31/31 MP: 4/4
  1109 | D:2      | You fall into a shaft and drop 1 floor!
  1177 | D:3      | Noticed an ice beast
  1186 | D:3      | Killed an ice beast
  1187 | D:3      | Reached skill level 4 in Long Blades
  1187 | D:3      | Reached XP level 5. HP: 13/37 MP: 5/5
  1187 | D:3      | Found an ancient bone altar of Kikubaaqudgha.
  1343 | D:2      | Noticed Natasha
  1349 | D:2      | Killed Natasha
  1350 | D:2      | Reached XP level 6. HP: 36/43 MP: 6/6
  1547 | D:2      | Noticed Natasha
  1555 | D:2      | Killed Natasha
  1630 | D:2      | Identified the +0 robe of Woheyst {SInv}
  1699 | D:2      | Noticed Natasha
  1706 | D:2      | Killed Natasha
  1984 | D:3      | Found Niquw's Distillery.
  1988 | D:3      | Reached skill level 5 in Long Blades
  2357 | D:3      | Reached XP level 7. HP: 49/49 MP: 7/7
  2779 | D:3      | Found Dadiunal's Assorted Antiques.
  2784 | D:3      | Bought a glass ring for 75 gold pieces
  2784 | D:3      | Bought an opal ring for 75 gold pieces
  3058 | D:4      | Found a blossoming altar of Fedhas.
  3111 | D:4      | Noticed Ijyb
  3129 | D:4      | Killed Ijyb
  3130 | D:4      | Reached skill level 6 in Long Blades
  3136 | D:4      | Reached skill level 5 in Fighting
  3136 | D:4      | Reached skill level 5 in Shields
  3358 | D:4      | Reached XP level 8. HP: 37/55 MP: 8/8
  3850 | D:5      | Entered Level 5 of the Dungeon
  3930 | D:5      | HP: 2/56 [phantom (3)]
  3943 | D:5      | Found a snail-covered altar of Cheibriados.
  4152 | D:5      | Reached skill level 7 in Long Blades
  4447 | D:5      | Noticed Sigmund
  4454 | D:5      | Killed Sigmund
  4616 | D:5      | Found a sparkling altar of Nemelex Xobeh.
  4621 | D:5      | Noticed Menkaure
  4628 | D:5      | Killed Menkaure
  4629 | D:5      | Reached skill level 8 in Long Blades
  4801 | D:5      | Noticed Edmund
  4812 | D:5      | Killed Edmund
  4813 | D:5      | Reached XP level 9. HP: 59/63 MP: 9/9
  5210 | D:6      | Found a staircase to the Ecumenical Temple.
  5257 | D:6      | Reached skill level 9 in Long Blades
  5274 | Temple   | Entered the Ecumenical Temple
  5303 | Temple   | Became a worshipper of Gozag Ym Sagoz the Greedy
  5452 | D:6      | Noticed Jeremiah
  5459 | D:6      | Killed Jeremiah
  5893 | D:8      | Reached skill level 10 in Long Blades
  5897 | D:8      | Reached XP level 10. HP: 11/71 MP: 10/10
  5907 | D:8      | Noticed a two-headed ogre
  5915 | D:8      | HP: 3/69 [wight/+3 battleaxe of freezing (9)]
  5931 | D:8      | Mangled by a wight

Illustrated notes

Levels and vault maps discovered:
D:1:      dpeg_arrival_stonehenge_8_columns, layout_loops_ring,
          shapermc_ecumenical_altar_petra, st_stairs_11
D:2:      layout_loops_ring, uniq_natasha, uniq_jessica
D:3:      layout_loops_ring, mainiacjoe_overflow_cross_hatched, serial_shops,
          nicolae_shop_waterfront, nicolae_shop_back_alley_shop, minmay_guardbox
D:4:      layout_loops_ring, mainiacjoe_overflow_alcove_4, minmay_crossroads,
          uniq_ijyb
D:5:      layout_rooms, general_overflow_altar, cheibriados_altar_1,
          sigmund_edmund_badplayer, uniq_menkaure
D:6:      layout_rooms, minmay_temple_entry_water_ring, uniq_jeremiah,
          uniq_edmund
D:7:      layout_rooms, nicolae_overflow_hidden_temple, uniq_maggie
D:8:      layout_rooms, erik_lair_dragon
Temple:   kb_temple_of_zot

Skill      XL: |  1  2  3  4  5  6  7  8  9 |
---------------+----------------------------+-----
Long Blades    | 3 4 5 6 8 10 | 10.1
Fighting       | 4 5 6 7 |  7.5
Shields        | 4 5 6 7 |  7.6
Dodging        | |  3.0

Action                     |  1- 3 |  4- 6 |  7- 9 | 10-12 || total
---------------------------+-------+-------+-------+-------++-------
  Melee: Long sword        |    43 |    89 |   271 |     3 ||   406
         Constrict         |    10 |    24 |    53 |     2 ||    89
         Tentacles         |     8 |    20 |    65 |       ||    93
         Punch             |       |       |     5 |       ||     5
    Use: Potion            |       |     1 |     5 |     1 ||     7
         Scroll            |       |     5 |    10 |     1 ||    16
   Stab: Sleeping          |     7 |     7 |     8 |       ||    22
         Distracted        |       |       |     1 |       ||     1
 Armour: Skin              |    10 |    32 |    92 |     2 ||   136
  Dodge: Dodged            |    17 |    53 |   206 |     8 ||   284
  Block: Buckler           |     8 |    13 |    65 |     6 ||    92

Table legend: (Time is in decaauts)
 A = Elapsed time spent in this place.
 B = Non-inter-level travel time spent in this place.
 C = Inter-level travel time spent in this place.
 D = Time resting spent in this place.
 E = Time spent auto-exploring this place.
 F = Levels seen in this place.
 G = Mean time per level.
                   A        B        C        D        E       F      G
               +--------+--------+--------+--------+--------+-----+--------+
         Total |   5990 |   5780 |    210 |      0 |   4554 |   9 |  665.6 |
       Dungeon |   5931 |   5777 |    154 |      0 |   4554 |   8 |  741.4 |
        Temple |     58 |      2 |     56 |      0 |      0 |   1 |   58.0 |
               +--------+--------+--------+--------+--------+-----+--------+

Top non-repeatable levels by time:
     D:3: 1128 daAuts
     D:4: 1042 daAuts
     D:2: 1020 daAuts
     D:5: 1007 daAuts
     D:6: 769 daAuts
     D:1: 718 daAuts
     D:7: 200 daAuts
  Temple: 58 daAuts
     D:8: 45 daAuts
